 Dungeon Crawl Stone Soup version 0.21-a0-529-g8c7b3f5 (webtiles) character file.

56 BingusPrime the Skirmisher (level 3, 0/33 HPs)
             Began as a Draconian Fighter on Dec 10, 2017.
             Slain by a hobgoblin
             ... wielding a +0 club
              (3 damage)
             ... on level 2 of the Dungeon.
             The game lasted 00:04:45 (817 turns).

BingusPrime the Skirmisher (Draconian Fighter)       Turns: 817, Time: 00:04:46

Health: 0/33       AC:  5    Str: 18    XL:     3   Next: 71%
Magic:  3/3        EV: 10    Int:  8    God:
Gold:   35         SH:  9    Dex: 11    Spells: 2/2 levels left

rFire    . . .     SeeInvis .   a - +0 war axe
rCold    . . .     Gourm    .   b - +0 shield
rNeg     . . .     Faith    .   (armour unavailable)
rPois    .         Spirit   .   (helmet restricted)
rElec    .         Reflect  .   (no cloak)
rCorr    .         Harm     .   (no gloves)
MR       .....                  (no boots)
Stlth    +.........             (no amulet)
HPRegen  0.11/turn              (no ring)
MPRegen  0.08/turn              (no ring)

@: no status effects
A: unfitting armour, cold-blooded, AC +5
a: no special abilities


You were on level 2 of the Dungeon.
You were not hungry.

You visited 1 branch of the dungeon, and saw 2 of its levels.

You collected 35 gold pieces.

Inventory:

Hand Weapons
 a - a +0 war axe (weapon)
Armour
 b - a +0 shield (worn)
Scrolls
 f - a scroll of enchant weapon {unknown}
 h - a scroll of enchant armour {unknown}
 j - a scroll of remove curse {unknown}
 k - a scroll of teleportation {unknown}
Potions
 c - a potion of might
 e - a potion of curing
 i - a potion of magic {unknown}
Comestibles
 d - a bread ration
 g - a royal jelly
 l - 2 meat rations


   Skills:
 + Level 3.8 Fighting
 * Level 3.0 Axes
 + Level 3.0 Dodging
 + Level 3.3 Shields


You had 2 spell levels left.
You didn't know any spells.

Dungeon Overview and Level Annotations

Branches:
Dungeon (2/15)

Altars:


Innate Abilities, Weirdness & Mutations

Your plain brown scales are hard. (AC +5)
You cannot fit into any form of body armour.
You are cold-blooded and may be slowed by cold attacks.


Message History

A hobgoblin comes into view. It is wielding a club.
You hit the worm.
The worm is lightly wounded.
You block the worm's attack.
You slash the worm! You tail-slap the worm.
The worm is almost dead.
The worm bites you!
You are too injured to fight recklessly!
You are too injured to fight recklessly!
You are too injured to fight recklessly!
You are too injured to fight recklessly!
You are too injured to fight recklessly!
You hit the worm but do no damage.
The worm is almost dead.
The worm bites you!
* * * LOW HITPOINT WARNING * * *
You hit the worm.
The worm is almost dead.
The hobgoblin hits you with a club.
You die...

####.####...##########
....................<#
...........#########.#
####.#####.#### #.#
#......†...# #.#
#..###.###.# #.#
#.....# # #.#
#..#.....#.# #.#
#....>@....# #.#
#..#.gw..#.#
#..#.....#.# ##
###.### . ... # ...
#.. ...#


You could see a worm and a hobgoblin.

Vanquished Creatures
  2 adders (D:2)
  A dart slug (D:1)
  3 leopard geckos (D:1)
  3 giant cockroaches (D:1)
  4 goblins (D:1)
  8 hobgoblins (D:1)
  6 kobolds
  4 bats (D:1)
  2 rats (D:1)
33 creatures vanquished.

Notes
Turn   | Place    | Note
-------+----------+-------------------------------------------
     0 | D:1      | BingusPrime the Draconian Fighter began the quest for the Orb.
     0 | D:1      | Reached XP level 1. HP: 19/19 MP: 1/1
    36 | D:1      | Reached XP level 2. HP: 22/26 MP: 2/2
   392 | D:1      | Reached XP level 3. HP: 31/31 MP: 3/3
   817 | D:2      | Slain by a hobgoblin

Vault maps used:
D:1:      dpeg_arrival_rhombus
D:2:      chequers_ecumenical_altar_simple_redux, st_stairs_3, uniq_sigmund

Skill      XL: |  1  2  3 |
---------------+----------+-----
Dodging        | 3 |  3.0
Axes           | 3 |  3.0
Fighting       | |  3.8
Shields        | |  3.3

Action                   || total
-------------------------++-------
Melee: War axe           ||    86
       Tailslap          ||     9
  Use: Potion            ||     1
Armor: Skin              ||    39
Dodge: Dodged            ||    53
Block: Shield            ||    60

Table legend:
 A = Spawn XP
 B = Non-spawn XP
 C = Spawn XP percentage of total XP
 D = Spawn monster count
 E = Non-spawn monster count
 F = Spawn count percentage of total count
 G = Total turns spent on level
                    A         B        C        D         E        F      G
               +---------+---------+-------+---------+---------+-------+---------
         Total |       0 |      81 |   0.0 |       0 |      33 |   0.0 |   817
               +---------+---------+-------+---------+---------+-------+---------
           D:1 |       0 |      54 |   0.0 |       0 |      30 |   0.0 |   766
           D:2 |       0 |      27 |   0.0 |       0 |       3 |   0.0 |    51
               +---------+---------+-------+---------+---------+-------+---------
